Workbook

Sheet Deckblatt
C4: Ergebnis der Validierung zum
C5: Verfahren | D5: 2026 / 2027
C6: Validierung | D6: Unternehmen (Dienstleister)
C7: Zeitraum Validierung | D7: xx
B11: Prüf ID Nummer: | C11: xxx
B13: Name des Unternehmens | C13: ='Unternehmen-DL'!C7 -> 0
B14: Markenname
B15: Adresse | C15: ='Unternehmen-DL'!C8 -> 0
B16: Branche | C16: ='Unternehmen-DL'!C9 -> 0
B18: Ergebnis
C19: Mögliche Punkte | D19: Erreichte Punkte | E19: Anteil
B20: ='Unternehmen-DL'!B20 -> Unternehmenszweck | C20: ='Unternehmen-DL'!C20 -> 20 | D20: ='Unternehmen-DL'!D20 -> 0 | E20: =D20/C20 -> 0
B21: ='Unternehmen-DL'!B21 -> Nachhaltigkeit/Umweltmanagement-Systeme | C21: ='Unternehmen-DL'!C21 -> 15 | D21: ='Unternehmen-DL'!D21 -> 0 | E21: =D21/C21 -> 0
B22: ='Unternehmen-DL'!B22 -> Energieverbrauch | C22: ='Unternehmen-DL'!C22 -> 10 | D22: ='Unternehmen-DL'!D22 -> 0 | E22: =D22/C22 -> 0
B23: ='Unternehmen-DL'!B23 -> Resourcenverbrauch | C23: ='Unternehmen-DL'!C23 -> 10 | D23: ='Unternehmen-DL'!D23 -> 0 | E23: =D23/C23 -> 0
B24: ='Unternehmen-DL'!B24 -> Emissionen | C24: ='Unternehmen-DL'!C24 -> 10 | D24: ='Unternehmen-DL'!D24 -> 0 | E24: =D24/C24 -> 0
B25: ='Unternehmen-DL'!B25 -> Mobilität | C25: ='Unternehmen-DL'!C25 -> 10 | D25: ='Unternehmen-DL'!D25 -> 0 | E25: =D25/C25 -> 0
B26: ='Unternehmen-DL'!B26 -> Wasserverbrauch | C26: ='Unternehmen-DL'!C26 -> 5 | D26: ='Unternehmen-DL'!D26 -> 0 | E26: =D26/C26 -> 0
B27: ='Unternehmen-DL'!B27 -> Abfallstrategie | C27: ='Unternehmen-DL'!C27 -> 10 | D27: ='Unternehmen-DL'!D27 -> 0 | E27: =D27/C27 -> 0
B28: ='Unternehmen-DL'!B28 -> Bewusstseinsbildung | C28: ='Unternehmen-DL'!C28 -> 10 | D28: ='Unternehmen-DL'!D28 -> 0 | E28: =D28/C28 -> 0
B29: Summe | C29: =SUM(C20:C28) -> 100 | D29: =SUM(D20:D28) -> 0 | E29: =D29/C29 -> 0
B31: validiert von:
C36: ALLPLAN GmbH
C37: Schwindgasse 10, 1040 Wien
C38: www.allplan.at
B40: Mit Erreichen / Übertreffen der geforderten Benchmark von 51 % wird - gemäß den Statuten der
B41: geschützten EU-Gewährleistungsmarke - das GREEN BRAND Germany 2026/2027 Gütesiegel
B42: verliehen!
B44: Gültigkeit bis 31.12.2027
B46: Norbert R. L u x
B47: Geschäftsführer

Sheet Basisinformationen
M3: Ausfüllhilfe / Legende
M4: Markierung / Feld | N4: Art | O4: Was ist zu tun?
M5: Blaues Feld | N5: Freitextfeld | O5: bitte geforderte Daten/Erklärungen einfügen
M6: Oranges Feld | N6: Auswahlfeld | O6: Bitte eine Antwort aus dem Dropdown-Menü auswählen.
N7: □ Kästchen | O7: Bitte ein „X“ statt dem Kästchen neben der zutreffenden Antwort eintragen. Mehrfachauswahl ist möglich, wenn mehrere Antworten zutreffen.
M8: Unterstrichener Text | N8: Verweis auf Tabellenblatt | O8: Bitte die markierten Zellen in der dazugehörigen Tabelle im Blatt „Tabellen“ ausfüllen.
M9: Spalte: "Erforderlicher Nachweis" | N9: Erforderlicher Nachweis | O9: Bitte passende Dokumente oder Angaben beifügen, z. B. Rechnungen, Zertifikate oder Auswertungen und die konkrete Dokumentbezeichnung/den link in der Spalte "erforderlicher Nachweis" eintragen.
M11: Bitte vergewissern Sie sich bei Einreichung, - dass alle Fragen umfassend beantwortet wurden - alle beizufügenden Dokumente auch mitgesandt werden (ggf. via wetransfer) - und bei den entsprechenden Fragen die konkrete Dokumentbezeichnung genannt wird. Hinweis: ein Verweis z.B. „siehe unseren Nachhaltigkeitsbericht“ genügt nicht, sondern bitte immer einen Hinweis/link zur entsprechenden Passage anführen. Damit vermeiden Sie unnötige Nachfragen bei der Auswertung, die Zeit kosten und auch höhere Gebühren zur Folge haben können! – Danke!

Sheet Unternehmen-DL
B3: Dienstleister
B7: Name des Unternehmens
B8: Adresse
B9: Branche
B10: Beschreibung des Geschäftszweckes
B11: Rechtsform
B12: Anzahl Mitarbeiter
B13: Jahresumsatz des Unternehmens
B14: Kontaktperson/ Funktion
B15: e-mail
B16: Telefon
B18: Ergebnis
C19: Mögliche Punkte | D19: Erreichte Punkte | E19: Anteil | G19: Jahr 1 | I19: Jahr 2 | J19: Jahr 3 | K19: Jahr 4
B20: =Validierung!A4 -> Unternehmenszweck | C20: =Auswertung!G4 -> 20 | D20: =SUM(Auswertung!I5) -> 0 | E20: =D20/C20 -> 0 | G20: =D20 -> 0
B21: =Validierung!A10 -> Nachhaltigkeit/Umweltmanagement-Systeme | C21: =Auswertung!G10 -> 15 | D21: =SUM(Auswertung!I11:I17) -> 0 | E21: =D21/C21 -> 0 | G21: =D21 -> 0
B22: =Validierung!A18 -> Energieverbrauch | C22: =Auswertung!G18 -> 10 | D22: =SUM(Auswertung!I19:I43) -> 0 | E22: =D22/C22 -> 0 | G22: =D22 -> 0
B23: =Validierung!A44 -> Resourcenverbrauch | C23: =Auswertung!G44 -> 10 | D23: =SUM(Auswertung!I45:I53) -> 0 | E23: =D23/C23 -> 0 | G23: =D23 -> 0
B24: =Validierung!A54 -> Emissionen | C24: =Auswertung!G54 -> 10 | D24: =SUM(Auswertung!I55:I61) -> 0 | E24: =D24/C24 -> 0 | G24: =D24 -> 0
B25: =Validierung!A62 -> Mobilität | C25: =Auswertung!G62 -> 10 | D25: =SUM(Auswertung!I63:I74) -> 0 | E25: =D25/C25 -> 0 | G25: =D25 -> 0
B26: =Validierung!A75 -> Wasserverbrauch | C26: =Auswertung!G75 -> 5 | D26: =SUM(Auswertung!I76:I83) -> 0 | E26: =D26/C26 -> 0 | G26: =D26 -> 0
B27: =Validierung!A84 -> Abfallstrategie | C27: =Auswertung!G84 -> 10 | D27: =SUM(Auswertung!I85:I93) -> 0 | E27: =D27/C27 -> 0 | G27: =D27 -> 0
B28: =Validierung!A94 -> Bewusstseinsbildung | C28: =Auswertung!G94 -> 10 | D28: =SUM(Auswertung!I95:I113) -> 0 | E28: =D28/C28 -> 0 | G28: =D28 -> 0
B29: Summe | C29: =SUM(C20:C28) -> 100 | D29: =SUM(D20:D28) -> 0 | E29: =D29/C29 -> 0 | G29: =D29 -> 0
B31: Bearbeiterin | C31: xxx
C39: ALLPLAN GmbH
C40: Schwindgasse 10, 1040 Wien
C41: M: +43 676 842 225 220
C42: Firmenbuchnummer: 94000k
C43: Handelsgericht Wien
C44: www.allplan.at

Sheet Validierung
A1: Frage Nr. | B1: Fragebogen Unternehmen | C1: Auswahl-Antwort (bitte auswählen) | D1: Erklärungen | E1: Erforderlicher Nachweis: Bitte führen Sie die genaue Bezeichnung der beigefügten Nachweise in der jeweiligen Zelle an. (Hinweise überschreiben) | F1: Max. Punkteanzahl Kategorien | G1: max. Punkte je Frage
A3: Frage0 | B3: Wie beurteilen Sie die Verankerung von Umweltthemen in Ihrem Unternehmen im Vergleich zum Standard in Ihrer Branche? Fokussieren Sie dabei auf die aktuelle Situation, geben Sie aber auch einen Ausblick auf zukünftige Ziele und Aktivitäten.
A4: Unternehmenszweck | F4: 20
A5: Frage1 | B5: Wie hoch ist der Umsatzanteil ökologisch nachhaltiger Dienstleistungen am Gesamtumsatz des Unternehmens? [Xx%] | G5: 20
B6: Beschreiben sie alle von Ihnen angebotenen Dienstleistungen und heben Sie die als ökologisch nachhaltig bezeichneten hervor. | G6: 0
A7: Frage 1a | B7: Welche Umweltbelastungen werden durch diese Dienstleistungen reduziert oder vermieden? | C7: falls zutreffend, bitte „☐“ durch „X“ ersetzen. Mehrfachauswahl möglich. ☐ Energieverbrauch ☐ Treibhausgasemissionen ☐ Ressourcen- und Materialverbrauch ☐ Abfallaufkommen ☐ Wasserverbrauch ☐ Umweltbelastungen durch Mobilität und Transport ☐ Sonstige: __________________ | G7: 0
B8: Beschreiben sie die relevanten Auswirkungen kurz an Hand von relevanten Umweltkennzahlen. | G8: 0
A9: Frage 1b | B9: Wie wird die ökologische Nachhaltigkeit dieser Dienstleistungen nachgewiesen? Nachweis! | E9: Zertifikate, Gütesiegel, Prüfberichte, Berechnungen oder weitere Dokumentationen | G9: 0
A10: Nachhaltigkeit/Umweltmanagement-Systeme | F10: 15
A11: Frage 2 | B11: Ist das Thema "Umwelt" in Form eines Umweltmanagementsystems gem. ISO14001 oder EMAS in Ihrem Unternehmen verankert? Nachweis! | E11: Gültiges Zertifikat | G11: 5
A13: Frage 3 | B13: Betreibt ihr Unternehmen ein umfassendes System zur laufenden Verbesserung der Nachhaltigkeit? (ökonomische, ökologische, gesellschaftliche/ethische Aspekte), falls ja bitte um Dokumentation (z.B. Verantwortlichkeiten/Einbettung in die Organisation, Einbeziehung von Stakeholder, aktueller Nachhaltigkeitsbericht, Impact Messung) Nachweis! | E13: Nachhaltigkeitsbericht, Monitoring-Dashboard, Managementhandbuch Prozessbeschreibung | G13: 5
A15: Frage 4 | B15: Sind Sie gesetzlich verpflichtet einen Nachhaltigkeitsbericht zu erstellen? | G15: 2
A17: Frage 5 | B17: Nennen Sie im Bereich der ökologischen Nachhaltigkeit: 1.ihre wichtigsten 3 Ziele 2.die entsprechenden KPI´s (key performance indicators). 3.geben Sie jeweils den aktuellen Ist-Stand bekannt. Nachweis! | E17: Dokumentation z.B in Nachhaltigkeitsstrategie Umweltpolitik, Nachhaltigkeitsbericht Umweltkennzahlen Jahresvergleich (konkretes Kapitel, seite,..) | G17: 3
A18: Energieverbrauch | F18: 10
A19: Frage 6 | B19: Gibt es ein Energiemanagementsystem in Ihrem Unternehmen? (ISO 50001 oder vergleichbar) Nachweis! | E19: Zertifikat | G19: 1
A21: Frage 7 | B21: Wie hoch war ihr Gesamt-Jahresstromverbrauch über alle Standorte in den letzten drei Jahren? (MWh/Jahr) Nachweis! | C21: Tabelle ausfüllen (Blatt:Tabellen): Jahresstromverbrauch! | E21: Stromrechnungen, Energieabrechnungen, Zählerauswertungen, Energiemanagementbericht, interne Verbrauchsauswertung oder ESG-/Nachhaltigkeitsbericht mit Stromkennzahlen. | G21: 1.5
A23: Frage 7a | B23: Erläutern Sie die Gründe für Änderungen des Stromverbrauchs im angegebenen Zeitraum. (z.B. veränderte Mitarbeiterzahl, Fläche, Auslastung, Homeoffice, IT-Nutzung oder Effizienzmaßnahmen)
A25: Frage 8 | B25: Wie hoch war ihr Gesamt-Wärmeverbrauch über alle Standorte in den letzten drei Jahren? (MWh/Jahr) Unterscheiden Sie Prozesswärme und Heizwärme. Nachweis! | C25: Tabelle ausfüllen (Blatt:Tabellen): Wärmeverbrauch! | G25: 1.5
A27: Frage 8a | B27: Erläutern Sie die Gründe für Änderungen des Wärmeverbrauchs im angegebenen Zeitraum. (z.B. geänderte Produktionsmengen, getätigte Energieeffizienzmaßnahmen)
A29: Frage 9 | B29: Beziehen Sie zertifizierten Ökostrom (= Strom aus ausschließlich erneuerbaren Energieträgern)? Nachweis! | C29: falls zutreffend, bitte „☐“ durch „X“ ersetzen. Standort 1:_________ ☐ Ja ☐ Nein Standort 2:_________ ☐ Ja ☐ Nein Standort 3:_________ ☐ Ja ☐ Nein usw. | E29: aktuelles Ökostromzertifikat beilegen. Für jeden Standort: Dokumentation des aktuellen Strommix des Stromanbieters beilegen. (Quelle: Stromrechnung) | G29: 1
A31: Frage 10 | B31: Wird vom Unternehmen selbst vor Ort Strom erzeugt (aus erneuerbaren Energiequellen)? | G31: 1
A33: Frage 10a | B33: Mit welcher Technologie und in welchem Ausmaß? (MWh/a)
A35: Frage 11 | B35: Woraus beziehen Sie Ihre Wärmeenergie? (Heizung, Warmwasser) Bitte um Angabe der Anteile der einzelnen Energieträger am gesamten Wärmeverbrauch über alle Standorte des Unternehmens in MWh und % Nachweis! | C35: (Blatt:Tabellen): Energieträger & kWh! | E35: Nachweis, z.B. Heizkostenabrechnungen, Energierechnungen, Zählerauswertungen, Fernwärmenachweise, Energiebericht, Nachhaltigkeitsbericht oder interne Verbrauchsauswertung | G35: 1
A37: Frage 12 | B37: Wird vom Unternehmen selbst vor Ort Wärme erzeugt (aus erneuerbaren Energiequellen)? | G37: 1
A39: Frage 12a | B39: Mit welcher Technologie und in welchem Ausmaß? (MWh/a)
A41: Frage13 | B41: Welche Energieeffizienzklasse(n) hat/haben ihre Unternehmensgebäude? | C41: Tabelle ausfüllen (Blatt:Tabellen): Energieeffizienzklasse! | G41: 1
A43: Frage14 | B43: Wenn Sie im letzten Jahr ein Projekt zum Thema "Energie"durchgeführt haben, haben Sie hier die Gelegenheit dieses kurz vorzustellen. Nachweis! | C43: falls zutreffend, bitte „☐“ durch „X“ ersetzen. Mehrfachauswahl möglich. ☐ Verbesserung der Energieeffizienz von Gebäuden, z. B. Sanierung ☐ Erneuerbare Energie oder eigene Energieerzeugung, z. B. Photovoltaik ☐ Optimierung von Heizung, Kühlung oder Lüftung ☐ Umstellung auf energieeffiziente Beleuchtung, z. B. LED ☐ Einsatz energieeffizienter Geräte oder IT-Systeme ☐ Optimierung von Betriebsabläufen ☐ Energiemanagement oder Verbrauchsmonitoring ☐ Schulung oder Sensibilisierung der Beschäftigten ☐ Sonstiges: __________ ☐ Kein Energieprojekt umgesetzt | E43: Projektbeschreibung, link | G43: 1
A44: Resourcenverbrauch | F44: 10
A45: Frage 15 | B45: Erfasst Ihr Unternehmen regelmäßig den Verbrauch den für die Erbringung ihrer Dienstleistung wesentlicher Materialien und Ressourcen? Nachweis! | E45: Auszug/Nachweis der Dokumentation | G45: 2
A47: Frage15a | B47: Welche Materialien und Ressourcen werden erfasst? | C47: Tabelle ausfüllen (Blatt:Tabellen): Materialverbrauch!
A49: Frage16 | B49: Welche Maßnahmen zur Verringerung des Ressourcenverbrauchs wurden in den letzten drei Jahren umgesetzt? | C49: falls zutreffend, bitte „☐“ durch „X“ ersetzen. Mehrfachauswahl möglich. ☐ Reduktion des Resourcenverbrauchs der erbrachten Dienstleistung (Kerngeschäft) ☐ Digitalisierung und Reduktion Papier- und Büromaterialverbrauch ☐ Wiederverwendung von Materialien oder Produkten ☐ Reparatur und längere Nutzung von Geräten ☐ Vermeidung von Einwegprodukten ☐ Reduzierung oder Vermeidung von Verpackungen ☐ Nachhaltige Beschaffung von Produkten und Dienstleistungen ☐ Schulung oder Sensibilisierung der Beschäftigten ☐ Sonstige Maßnahme: __________ ☐ Keine Maßnahmen umgesetzt | G49: 6
A51: Frage 17 | B51: Werden beim Einkauf umweltfreundliche Produkte und Dienstleistungen bevorzugt? Nachweis! | E51: Einkaufsrichtlinie, Lieferantenkodex, Umweltzertifikate | G51: 1
A53: Frage 18 | B53: Findet im Unternehmen ein ökologisches Office Management statt? (z.B. geringer Papierverbrauch, Leitungswasser anstatt Mineralwasser, Ökoboxen) | G53: 1
A54: Emissionen | F54: 10
A55: Frage 19 | B55: Liegt ein aktuell gültiger CO2-Fußabdruck (Unternehmen, Produkte) vor? Falls der Fußabdruck nur für Unternehmensteile bzw. einzelne Produkte vorliegt, bitte um Erläuterung. Nachweis! | E55: CO₂-Bilanz, CO₂-Zertifikat | G55: 4
A57: Frage 20 | B57: Wie hoch waren ihr Gesamt-Emissionen über alle Standorte (Unternehmen) in den letzten drei Jahren? (t CO2eq/Jahr) | C57: Tabelle ausfüllen (Blatt:Tabellen): Emissionen! | G57: 4
G58: 0
A59: Frage 20a | B59: Erläutern Sie die Gründe für Änderungen der Gesamt-Emissionen im angegebenen Zeitraum. (z.B. getätigte Energieeffizienzmaßnahmen/ nachhaltige Mobilität / weniger Dienstreisen / nachhaltige Beschaffung / effiziente IT und Rechenzentren / Sonstige) | G59: 0
A61: Frage 21 | B61: Wenn Sie in den letzten zwei Jahren ein (neues) Projekt zum Thema "Klimaschutz/Klimaforschung" durchgeführt haben, haben Sie hier die Gelegenheit dieses kurz vorzustellen. Nachweis! | E61: Projektbeschreibung, link | G61: 2
A62: Mobilität | F62: 10
A63: Frage 22 | B63: Wird ein eigener Fuhrpark eingesetzt? (PKW/LKW) Für welche Zwecke? Wieviele Fahrzeuge umfasst dieser? Nachweis! | E63: Fuhrparkliste | G63: 6
G64: 0
A65: Frage 22a | B65: Geben Sie den Anteil der Fahrzeuge pro eingesetzten Treibstoff an. | C65: Tabelle ausfüllen (Blatt:Tabellen): Antriebsart! | G65: 0
G66: 0
A67: Frage 22b | B67: Wie hoch war ihr Gesamt-Jahres-Treibstoffbedarf ihres Unternehmensfuhrparks in den letzten drei Jahren? | C67: Tabelle ausfüllen (Blatt:Tabellen): Treibstoffbedarf! | G67: 0
G68: 0
A69: Frage 22c | B69: Erläutern Sie die Gründe für Änderungen des Treibstoffverbrauchs im angegebenen Zeitraum. (z.B. aktive Maßnahmen zur Reduktion des Energieverbrauchs im Transportbereich wie z.B. Elektrifizierung des Fuhrparks oder geänderte Rahmenbedingungen) | G69: 0
A71: Frage 23 | B71: Haben Sie eine aktuell gültige Richtlinie, um den ökologischen Fußabdruck von Geschäftsreisen zu reduzieren? Inhalt einer solchen Richtlinie ist z. B.: Überprüfung der Notwendigkeit von Geschäftsreisen, Bevorzugung von Online-Besprechungen, Bevorzugung von Bahnreisen gegenüber Flugreisen, Nutzung emissionsarmer Verkehrsmittel. Nachweis! | E71: Reiserichtlinie | G71: 2
A72: Frage 23a | B72: Monitoren Sie Ihre Geschäftsreisen nach ökologischen Gesichtspunkten? (zurückgelegte Strecke, Verkehrsmittel...) Nachweis! | E72: Reisekostenabrechnungen, Bahn-/Flugstatistik | G72: 0
A74: Frage 24 | B74: Unterstützen Sie ihre Mitarbeiter dabei ,dass sie umweltfreundlich zu Ihrem Standort / Standorten anreisen oder die Anzahl der Anreisen gänzlich vermeiden oder reduzieren können? Falls ja, wie z.B. Jobticket, Homeoffice Regelungen, Bike-leasing,… | G74: 2
A75: Wasserverbrauch | F75: 5
A76: Frage 25 | B76: In welchen Bereichen ihres Unternehmens ist Wasserverbrauch von Relevanz? Nachweis! | C76: falls zutreffend, bitte „☐“ durch „X“ ersetzen. Mehrfachauswahl möglich. ☐ Wasserverbrauch zur Erbringung der angebotenen Dienstleistung ☐ Bewässerung von Grünflächen ☐ Sanitäranlagen ☐ Küche ☐ sonstige: ______ | D76: falls Wasserverbrauch für die Erbringung der Dienstleistung relevant ist: Erklärung | E76: Standortübersicht, Prozessbeschreibung, Umweltmanagement-Dokumentation | G76: 3
A77: Frage 25a | B77: Welche Maßnahmen zur Reduktion des Wasserverbrauchs werden gesetzt? | C77: falls zutreffend, bitte „☐“ durch „X“ ersetzen. Mehrfachauswahl möglich. ☐ Reduktion Wasserverbrauch bei der erbrachten Dienstleistung ☐ Reduktion Wasserverbrauch Office ☐ Monitoring Wasserverbrauch ☐ Bewusstseinsbildung ☐ Änderungen an technischen oder betrieblichen Prozessen ☐ Sonstige ☐ keine | G77: 0
A79: Frage 26 | B79: Kennen Sie den Wasserverbrauch bezogen auf Ihre Dienstleistung? Falls ja, nennen Sie die relevanten KPIs und deren Entwicklung in den letzten 3 Jahren Erläutern Sie die Gründe für Änderungen des Wasserverbrauchs im angegebenen Zeitraum. (z.B getätigte Wassersparmaßnahmen, geänderte Büroauslastung, veränderte Mitarbeiterzahl, usw ). Nachweis! | D79: falls relevant : Erklärung, z.B. Wasserverbrauch pro Kunde, pro Gast, pro € Umsatz | E79: Wasserabrechnungen der Versorger, Zählerstände, Nachhaltigkeitsbericht, internes Monitoring | G79: 1
A81: Frage 27 | B81: Entsteht bei ihre Unternehmenstätigkeit Abwasser, das über Haushaltmengen hinausgeht? Nachweis! | E81: Abwasserabrechnung/Auszug | G81: 1
G82: 0
A83: Frage 27a | B83: Welche Maßnahmen, die über die gesetzlichen Vorschriften hinausgehen, werden zur Abwasserbehandlung und -vermeidung vorgenommen? Nachweis! | E83: Maßnahmenbericht/link | G83: 0
A84: Abfallstrategie | F84: 10
A85: Frage 28 | B85: Wird ihr Abfallaufkommen getrennt nach Abfallarten erfasst? Nachweis! | C85: Tabelle ausfüllen (Blatt:Tabellen): Abfallart! | E85: Abfallbilanzen, Entsorgungsnachweise, interne Abfallstatistik, Nachhaltigkeitsbericht | G85: 2
A87: Frage 29 | B87: Welche Maßnahmen zur Abfallvermeidung oder Wiederverwendung werden umgesetzt? Beschreiben Sie die Maßnahmen und erzielten Verbesserungen (erzielte Verbesserungen können z.B. sein: Verbesserung der getrennten Abfallsammlung,Verringerung der Abfallmenge, die Zunahme der Wiederverwendung, Reduzierung des Materialverbrauchs, erzielte Kosteneinsparungen.) | C87: falls zutreffend, bitte „☐“ durch „X“ ersetzen. Mehrfachauswahl möglich. ☐ Vermeidung von Einwegprodukten ☐ Nutzung von Mehrwegsystemen ☐ Reparatur und längere Nutzung von Geräten ☐ Wiederverwendung oder Weitergabe von Geräten und Materialien ☐ Rückgabe oder Wiederverwendung von Verpackungen ☐ Papierarmes Arbeiten ☐ Sonstige Maßnahme: __________________ ☐ Keine Maßnahmen umgesetzt | G87: 4
A89: Frage 30 | B89: Werden die Mitarbeiter über richtige Abfallentsorgung informiert (z.B. interne Informationsmaterialien, Kennzeichnungen und Piktogramme, interne Kommunikation, Schulungen oder Weiterbildungen,...)? Wenn ja, wie? Nachweis! | E89: Fotos, links | G89: 2
A91: Frage 31 | B91: Fallen in im Rahmen ihrer Unternehmenstätigkeit gefährliche Abfälle an? Falls ja, welche? | G91: 2
G92: 0
A93: Frage 31a | B93: Werden Maßnahmen zur Reduktion gefährlicher Abfälle gesetzt? Falls ja, welche? (z.B. Ersatz gefährlicher Stoffe durch weniger gefährliche Alternativen, Reduzierung gefährlicher Abfälle durch technologische Verbesserungen, Optimierung des Einsatzes gefährlicher Stoffe, …) | G93: 0
A94: Bewusstseinsbildung | F94: 10
A95: Frage 32 | B95: Gibt es regelmäßige Mitarbeiterschulungen/Infoveranstaltungen/ Diskussionsgruppen zum Thema Umweltschutz? Nachweis! | E95: Nachweis z.B. Schulungsplan, Trainingsunterlagen, interne Kommunikationspläne, Schulungskalender | G95: 3
G96: 0
A97: Frage 32a | B97: Wie häufig finden diese statt? | G97: 0
G98: 0
A99: Frage 32b | B99: Welche Instrumente/Kanäle/Plattformen werden dazu verwendet? | G99: 0
G100: 0
A101: Frage 32c | B101: Wie hoch ist der Anteil der Mitarbeiter, die über diese Kommunikations-Instrumente involviert werden? [x%] | G101: 0
A103: Frage 33 | B103: Werden die Mitarbeiter involviert, um Ideen / Ansätze für Nachhaltigkeits-Maßnahmen einzubringen / umzusetzen? Wenn ja, wie und ist dies im Rahmen der Arbeitszeit möglich? (z.B. Ideenboxen, Innovationswerkstätten, …) Nachweis! | E103: Nachweise: z.B. interne Rundschreiben, links o.ä. | G103: 1
G104: 0
A105: Frage 33a | B105: Welche Themenbereiche werden/wurden dabei fokussiert? (z.B. Energieeffizienz, Klimaschutz und Reduzierung der Treibhausgasemissionen, Wassermanagement, Nachhaltige Mobilität, Biodiversität und Grünflächen,…) | G105: 0
A107: Frage 34 | B107: Wenn Sie in den letzten zwei Jahren ein Projekt zum Thema "Bewusstseinsbildung INTERN" (in Hinblick auf Nachhaltigkeitsthemen) durchgeführt haben, haben Sie hier die Gelegenheit dieses kurz vorzustellen. (z.B.: Interne Wettbewerbe und Challenges) Nachweis! | E107: z.B. Fotos, links | G107: 1
A109: Frage 35 | B109: Haben Sie in den letzten zwei Jahren besondere umwelt- bzw. nachhaltigkeitsrelevante Auszeichnungen, mit Ausnahme von Green Brands erhalten oder waren Sie nominiert? Wenn ja, welche? (z.B. Klimaschutzpreis, Nachhaltigkeitspreis, Umweltpreis, Energy Globe etc.) Nachweis! | E109: Zertifikat | G109: 3
A111: Frage 36 | B111: Gab es in den letzten zwei Jahren gezielte Kooperationen mit NGOs, wissenschaftlichen Einrichtungen, Verbänden, Gemeinden etc. zum Thema Klimaschutz? Wenn ja, welche? | G111: 1
A113: Frage 37 | B113: Hat Ihr Unternehmen in den letzten zwei Jahren externe Informations- oder Bildungsaktivitäten zu Umwelt- und Nachhaltigkeitsthemen durchgeführt? (z.B. Programme für Kunden, Tage der offenen Tür, Kampagnen zur gesellschaftlichen Bewusstseinsbildung, ...) | G113: 1
F115: Summe: | G115: =SUM(G3:G113) -> 100

Sheet Auswertung
A1: Verpflichtendes Update bei Re-Validierung | B1: =Validierung!A1 -> Frage Nr. | C1: =Validierung!B1 -> Fragebogen Unternehmen | D1: =Validierung!C1 -> Auswahl-Antwort (bitte auswählen) | E1: =Validierung!D1 -> Erklärungen | F1: =Validierung!E1 -> Erforderlicher Nachweis: Bitte führen Sie die genaue Bezeichnung der beigefügten Nachweise in der jeweiligen Zelle an. (Hinweise überschreiben) | G1: Max. Punkteanzahl Kategorien | H1: max. Punkte je Frage | I1: Erreichte Punkte | J1: Punkteschema
A3: bei Bedarf | B3: =Validierung!A3 -> Frage0 | C3: =Validierung!B3 -> Wie beurteilen Sie die Verankerung von Umweltthemen in Ihrem Unternehmen im Vergleich zum Standard in Ihrer Branche? Fokussieren Sie dabei auf die aktuelle Situation, geben Sie aber auch einen Ausblick auf zukünftige Ziele und Aktivitäten. | D3: =Validierung!C3 -> 0 | E3: =Validierung!D3 -> 0
A4: Unternehmenszweck | G4: 20
A5: ja | B5: =Validierung!A5 -> Frage1 | C5: =Validierung!B5 -> Wie hoch ist der Umsatzanteil ökologisch nachhaltiger Dienstleistungen am Gesamtumsatz des Unternehmens? [Xx%] | E5: =Validierung!D5 -> 0 | H5: 20 | J5: Bewertung: x% * Art des Nachweises (1a)
C6: =Validierung!B6 -> Beschreiben sie alle von Ihnen angebotenen Dienstleistungen und heben Sie die als ökologisch nachhaltig bezeichneten hervor. | E6: =Validierung!D6 -> 0 | H6: 0
A7: ja | B7: =Validierung!A7 -> Frage 1a | C7: =Validierung!B7 -> Welche Umweltbelastungen werden durch diese Dienstleistungen reduziert oder vermieden? | D7: =Validierung!C7 -> falls zutreffend, bitte „☐“ durch „X“ ersetzen. Mehrfachauswahl möglich. ☐ Energieverbrauch ☐ Treibhausgasemissionen ☐ Ressourcen- und Materialverbrauch ☐ Abfallaufkommen ☐ Wasserverbrauch ☐ Umweltbelastungen durch Mobilität und Transport ☐ Sonstige: __________________ | H7: 0
C8: =Validierung!B8 -> Beschreiben sie die relevanten Auswirkungen kurz an Hand von relevanten Umweltkennzahlen. | E8: =Validierung!D8 -> 0 | H8: 0
A9: ja | B9: =Validierung!A9 -> Frage 1b | C9: =Validierung!B9 -> Wie wird die ökologische Nachhaltigkeit dieser Dienstleistungen nachgewiesen? Nachweis! | D9: =Validierung!C9 -> 0 | F9: =Validierung!E9 -> Zertifikate, Gütesiegel, Prüfberichte, Berechnungen oder weitere Dokumentationen | H9: 0 | J9: 100 % - Extern geprüft / Taxonomie-Konformität nachgewiesen 80% - Anerkanntes Umweltzeichen, Gütesiegel oder Zertifikat 60% Nachvollziehbare Produktinformationen / Nachhaltigkeitsbericht / Website 20% Selbsteinschätzung mit plausibler Begründung 10% Reine Selbsteinschätzung ohne Nachweis
A10: Nachhaltigkeit/Umweltmanagement-Systeme | G10: 15
A11: ja (Zertifikate müssen aktuell/gültig sein) | B11: =Validierung!A11 -> Frage 2 | C11: =Validierung!B11 -> Ist das Thema "Umwelt" in Form eines Umweltmanagementsystems gem. ISO14001 oder EMAS in Ihrem Unternehmen verankert? Nachweis! | D11: =Validierung!C11 -> 0 | F11: =Validierung!E11 -> Gültiges Zertifikat | H11: 5 | J11: 0% - Kein gültiges Zertifikat vorhanden 100% - gültiges Zertifikat vorhanden
A13: bei Bedarf (ggf. neuen Bericht schicken) | B13: =Validierung!A13 -> Frage 3 | C13: =Validierung!B13 -> Betreibt ihr Unternehmen ein umfassendes System zur laufenden Verbesserung der Nachhaltigkeit? (ökonomische, ökologische, gesellschaftliche/ethische Aspekte), falls ja bitte um Dokumentation (z.B. Verantwortlichkeiten/Einbettung in die Organisation, Einbeziehung von Stakeholder, aktueller Nachhaltigkeitsbericht, Impact Messung) Nachweis! | D13: =Validierung!C13 -> 0 | F13: =Validierung!E13 -> Nachhaltigkeitsbericht, Monitoring-Dashboard, Managementhandbuch Prozessbeschreibung | H13: 5 | J13: 25%- Wesentlichkeitsanalyse vorhanden und Einbindung von Stakeholdern 25% - Impact-Messung vorhanden 50% - Aktueller Nachhaltigkeitsbericht vorhanden
A15: bei Bedarf (ggf. neuen Bericht schicken) | B15: =Validierung!A15 -> Frage 4 | C15: =Validierung!B15 -> Sind Sie gesetzlich verpflichtet einen Nachhaltigkeitsbericht zu erstellen? | D15: =Validierung!C15 -> 0 | H15: 2 | J15: ja: 0 Punkte
A17: ja | B17: =Validierung!A17 -> Frage 5 | C17: =Validierung!B17 -> Nennen Sie im Bereich der ökologischen Nachhaltigkeit: 1.ihre wichtigsten 3 Ziele 2.die entsprechenden KPI´s (key performance indicators). 3.geben Sie jeweils den aktuellen Ist-Stand bekannt. Nachweis! | E17: =Validierung!D17 -> 0 | F17: =Validierung!E17 -> Dokumentation z.B in Nachhaltigkeitsstrategie Umweltpolitik, Nachhaltigkeitsbericht Umweltkennzahlen Jahresvergleich (konkretes Kapitel, seite,..) | H17: 3 | J17: 100% alle drei Punkte vorhanden; wenn nur Teilbereiche davon vorhanden: 20% für Ziele, jeweils 40% für KPI und aktuellen IST Stand
A18: Energieverbrauch | G18: 10
A19: bei Bedarf/Änderung | B19: =Validierung!A19 -> Frage 6 | C19: =Validierung!B19 -> Gibt es ein Energiemanagementsystem in Ihrem Unternehmen? (ISO 50001 oder vergleichbar) Nachweis! | D19: =Validierung!C19 -> 0 | F19: =Validierung!E19 -> Zertifikat | H19: 1 | J19: 0% - Kein gültiges Zertifikaat vorhanden 100% - gültiges Zertifikat vorhanden
A21: ja | B21: =Validierung!A21 -> Frage 7 | C21: =Validierung!B21 -> Wie hoch war ihr Gesamt-Jahresstromverbrauch über alle Standorte in den letzten drei Jahren? (MWh/Jahr) Nachweis! | D21: =Validierung!C21 -> Tabelle ausfüllen (Blatt:Tabellen): Jahresstromverbrauch! | F21: =Validierung!E21 -> Stromrechnungen, Energieabrechnungen, Zählerauswertungen, Energiemanagementbericht, interne Verbrauchsauswertung oder ESG-/Nachhaltigkeitsbericht mit Stromkennzahlen. | H21: 1.5 | J21: ´- Daten vorhanden: 50% - +25% Im Jahr 3< Jahr1 +25% Wenn die zwei vorherigen Bedingungen erfüllt sind und noch Maßnahmen beschrieben
A23: ja | B23: =Validierung!A23 -> Frage 7a | C23: =Validierung!B23 -> Erläutern Sie die Gründe für Änderungen des Stromverbrauchs im angegebenen Zeitraum. (z.B. veränderte Mitarbeiterzahl, Fläche, Auslastung, Homeoffice, IT-Nutzung oder Effizienzmaßnahmen) | E23: =Validierung!D23 -> 0
A25: ja | B25: =Validierung!A25 -> Frage 8 | C25: =Validierung!B25 -> Wie hoch war ihr Gesamt-Wärmeverbrauch über alle Standorte in den letzten drei Jahren? (MWh/Jahr) Unterscheiden Sie Prozesswärme und Heizwärme. Nachweis! | D25: =Validierung!C25 -> Tabelle ausfüllen (Blatt:Tabellen): Wärmeverbrauch! | H25: 1.5
A27: bei Bedarf/Änderung | B27: =Validierung!A27 -> Frage 8a | C27: =Validierung!B27 -> Erläutern Sie die Gründe für Änderungen des Wärmeverbrauchs im angegebenen Zeitraum. (z.B. geänderte Produktionsmengen, getätigte Energieeffizienzmaßnahmen) | E27: =Validierung!D27 -> 0
A29: ja | B29: =Validierung!A29 -> Frage 9 | C29: =Validierung!B29 -> Beziehen Sie zertifizierten Ökostrom (= Strom aus ausschließlich erneuerbaren Energieträgern)? Nachweis! | D29: =Validierung!C29 -> falls zutreffend, bitte „☐“ durch „X“ ersetzen. Standort 1:_________ ☐ Ja ☐ Nein Standort 2:_________ ☐ Ja ☐ Nein Standort 3:_________ ☐ Ja ☐ Nein usw. | F29: =Validierung!E29 -> aktuelles Ökostromzertifikat beilegen. Für jeden Standort: Dokumentation des aktuellen Strommix des Stromanbieters beilegen. (Quelle: Stromrechnung) | H29: 1 | J29: aliquote Punkte pro Standort mit gültigem Ökostromzertifikat (z.B. 5 Standorte, davon 2 ja: dann 2/5 Punkte)
A31: bei Bedarf/Änderung | B31: =Validierung!A31 -> Frage 10 | C31: =Validierung!B31 -> Wird vom Unternehmen selbst vor Ort Strom erzeugt (aus erneuerbaren Energiequellen)? | D31: =Validierung!C31 -> 0 | H31: 1 | J31: Antwort ja & Dokumentation vorhanden: 50%; Zusatzpunkte je nach Größe: >10%<50% Gesamtstrom-Bedarf: +25% >50%: volle Punke
A33: bei Bedarf/Änderung | B33: =Validierung!A33 -> Frage 10a | C33: =Validierung!B33 -> Mit welcher Technologie und in welchem Ausmaß? (MWh/a) | E33: =Validierung!D33 -> 0
A35: ja | B35: =Validierung!A35 -> Frage 11 | C35: =Validierung!B35 -> Woraus beziehen Sie Ihre Wärmeenergie? (Heizung, Warmwasser) Bitte um Angabe der Anteile der einzelnen Energieträger am gesamten Wärmeverbrauch über alle Standorte des Unternehmens in MWh und % Nachweis! | D35: =Validierung!C35 -> (Blatt:Tabellen): Energieträger & kWh! | F35: =Validierung!E35 -> Nachweis, z.B. Heizkostenabrechnungen, Energierechnungen, Zählerauswertungen, Fernwärmenachweise, Energiebericht, Nachhaltigkeitsbericht oder interne Verbrauchsauswertung | H35: 1 | J35: Punkte % analog zu % Anteil Summe erneuerbare Energieträger Wärme alle Standorte (Biomasse, Wärmepumpe, Geothermie..)
A37: bei Bedarf/Änderung | B37: =Validierung!A37 -> Frage 12 | C37: =Validierung!B37 -> Wird vom Unternehmen selbst vor Ort Wärme erzeugt (aus erneuerbaren Energiequellen)? | D37: =Validierung!C37 -> 0 | H37: 1 | J37: Antwort ja & Dokumentation vorhanden: 50%; Zusatzpunkte je nach Größe: >10%<50% Gesamtwärme-Bedarf: +25% >50%: volle Punke
A39: 0 | B39: =Validierung!A39 -> Frage 12a | C39: =Validierung!B39 -> Mit welcher Technologie und in welchem Ausmaß? (MWh/a) | E39: =Validierung!D39 -> 0
A41: bei Bedarf/Änderung | B41: =Validierung!A41 -> Frage13 | C41: =Validierung!B41 -> Welche Energieeffizienzklasse(n) hat/haben ihre Unternehmensgebäude? | D41: =Validierung!C41 -> Tabelle ausfüllen (Blatt:Tabellen): Energieeffizienzklasse! | H41: 1 | J41: Auswertung bei mehreren Standorten: HWB Angaben gewichtet nach Anteil m² 100% bei max 15 kWh/m² BGF-Ref 75% bei max 25 kWh/m² BGF-Ref 50% bei max 50 kWh/m² BGF-Ref 25% bei max 100 kWh/m² BGF-Ref
A43: ja | B43: =Validierung!A43 -> Frage14 | C43: =Validierung!B43 -> Wenn Sie im letzten Jahr ein Projekt zum Thema "Energie"durchgeführt haben, haben Sie hier die Gelegenheit dieses kurz vorzustellen. Nachweis! | D43: =Validierung!C43 -> falls zutreffend, bitte „☐“ durch „X“ ersetzen. Mehrfachauswahl möglich. ☐ Verbesserung der Energieeffizienz von Gebäuden, z. B. Sanierung ☐ Erneuerbare Energie oder eigene Energieerzeugung, z. B. Photovoltaik ☐ Optimierung von Heizung, Kühlung oder Lüftung ☐ Umstellung auf energieeffiziente Beleuchtung, z. B. LED ☐ Einsatz energieeffizienter Geräte oder IT-Systeme ☐ Optimierung von Betriebsabläufen ☐ Energiemanagement oder Verbrauchsmonitoring ☐ Schulung oder Sensibilisierung der Beschäftigten ☐ Sonstiges: __________ ☐ Kein Energieprojekt umgesetzt | E43: =Validierung!D43 -> 0 | F43: =Validierung!E43 -> Projektbeschreibung, link | H43: 1 | J43: volle Punkte wenn inhaltlich neues Projekt & bisher nicht genannt im FB, sonst 0 (keine Punkte für bloße "updates")
A44: Resourcenverbrauch | G44: 10
A45: bei Bedarf/Änderung | B45: =Validierung!A45 -> Frage 15 | C45: =Validierung!B45 -> Erfasst Ihr Unternehmen regelmäßig den Verbrauch den für die Erbringung ihrer Dienstleistung wesentlicher Materialien und Ressourcen? Nachweis! | D45: =Validierung!C45 -> 0 | E45: =Validierung!D45 -> 0 | F45: =Validierung!E45 -> Auszug/Nachweis der Dokumentation | H45: 2
A47: ja | B47: =Validierung!A47 -> Frage15a | C47: =Validierung!B47 -> Welche Materialien und Ressourcen werden erfasst? | D47: =Validierung!C47 -> Tabelle ausfüllen (Blatt:Tabellen): Materialverbrauch! | J47: 1 punkt für jeden Bereich multipliziert mit jeweiligem % Anteil
A49: bei Bedarf/Änderung | B49: =Validierung!A49 -> Frage16 | C49: =Validierung!B49 -> Welche Maßnahmen zur Verringerung des Ressourcenverbrauchs wurden in den letzten drei Jahren umgesetzt? | D49: =Validierung!C49 -> falls zutreffend, bitte „☐“ durch „X“ ersetzen. Mehrfachauswahl möglich. ☐ Reduktion des Resourcenverbrauchs der erbrachten Dienstleistung (Kerngeschäft) ☐ Digitalisierung und Reduktion Papier- und Büromaterialverbrauch ☐ Wiederverwendung von Materialien oder Produkten ☐ Reparatur und längere Nutzung von Geräten ☐ Vermeidung von Einwegprodukten ☐ Reduzierung oder Vermeidung von Verpackungen ☐ Nachhaltige Beschaffung von Produkten und Dienstleistungen ☐ Schulung oder Sensibilisierung der Beschäftigten ☐ Sonstige Maßnahme: __________ ☐ Keine Maßnahmen umgesetzt | E49: =Validierung!D49 -> 0 | H49: 6 | J49: 25% bei oberen drei Auswahlmöglichkeiten, sonst je 10%, max 100%
A51: bei Bedarf/Änderung | B51: =Validierung!A51 -> Frage 17 | C51: =Validierung!B51 -> Werden beim Einkauf umweltfreundliche Produkte und Dienstleistungen bevorzugt? Nachweis! | D51: =Validierung!C51 -> 0 | E51: =Validierung!D51 -> 0 | F51: =Validierung!E51 -> Einkaufsrichtlinie, Lieferantenkodex, Umweltzertifikate | H51: 1 | J51: ja 100% nein 0
A53: bei Bedarf/Änderung | B53: =Validierung!A53 -> Frage 18 | C53: =Validierung!B53 -> Findet im Unternehmen ein ökologisches Office Management statt? (z.B. geringer Papierverbrauch, Leitungswasser anstatt Mineralwasser, Ökoboxen) | D53: =Validierung!C53 -> 0 | E53: =Validierung!D53 -> 0 | H53: 1 | J53: ja 100% nein 0
A54: Emissionen | G54: 10
A55: ja | B55: =Validierung!A55 -> Frage 19 | C55: =Validierung!B55 -> Liegt ein aktuell gültiger CO2-Fußabdruck (Unternehmen, Produkte) vor? Falls der Fußabdruck nur für Unternehmensteile bzw. einzelne Produkte vorliegt, bitte um Erläuterung. Nachweis! | D55: =Validierung!C55 -> 0 | E55: =Validierung!D55 -> 0 | F55: =Validierung!E55 -> CO₂-Bilanz, CO₂-Zertifikat | H55: 4 | J55: Extern geprüft / zertifiziert - 100 % der Punkte Nach anerkannter Methode erstellt, aber nicht extern geprüft - 75 % der Punkte Interne Berechnung mit nachvollziehbarer Methodik - 50 % der Punkte
A57: ja | B57: =Validierung!A57 -> Frage 20 | C57: =Validierung!B57 -> Wie hoch waren ihr Gesamt-Emissionen über alle Standorte (Unternehmen) in den letzten drei Jahren? (t CO2eq/Jahr) | D57: =Validierung!C57 -> Tabelle ausfüllen (Blatt:Tabellen): Emissionen! | H57: 4 | J57: ´- Daten vorhanden: 50% - +25% Im Jahr 3< Jahr1 +25% Wenn die zwei vorherigen Bedingungen erfüllt sind und noch Maßnahmen beschrieben
H58: 0
A59: bei Bedarf/Änderung | B59: =Validierung!A59 -> Frage 20a | C59: =Validierung!B59 -> Erläutern Sie die Gründe für Änderungen der Gesamt-Emissionen im angegebenen Zeitraum. (z.B. getätigte Energieeffizienzmaßnahmen/ nachhaltige Mobilität / weniger Dienstreisen / nachhaltige Beschaffung / effiziente IT und Rechenzentren / Sonstige) | E59: =Validierung!D59 -> 0 | H59: 0
A61: ja | B61: =Validierung!A61 -> Frage 21 | C61: =Validierung!B61 -> Wenn Sie in den letzten zwei Jahren ein (neues) Projekt zum Thema "Klimaschutz/Klimaforschung" durchgeführt haben, haben Sie hier die Gelegenheit dieses kurz vorzustellen. Nachweis! | D61: =Validierung!C61 -> 0 | E61: =Validierung!D61 -> 0 | F61: =Validierung!E61 -> Projektbeschreibung, link | H61: 2 | J61: volle Punkte wenn inhaltlich neues Projekt & bisher nicht genannt im FB, sonst 0
A62: Mobilität | G62: 10
A63: ja | B63: =Validierung!A63 -> Frage 22 | C63: =Validierung!B63 -> Wird ein eigener Fuhrpark eingesetzt? (PKW/LKW) Für welche Zwecke? Wieviele Fahrzeuge umfasst dieser? Nachweis! | D63: =Validierung!C63 -> 0 | E63: =Validierung!D63 -> 0 | F63: =Validierung!E63 -> Fuhrparkliste | H63: 6 | J63: volle Punkte wenn auch LKWs im Fuhrpark bzw. mehr als 10 PKWs; sonst 50% multipliziert mit u.a. Anteilen:
H64: 0
A65: ja | B65: =Validierung!A65 -> Frage 22a | C65: =Validierung!B65 -> Geben Sie den Anteil der Fahrzeuge pro eingesetzten Treibstoff an. | D65: =Validierung!C65 -> Tabelle ausfüllen (Blatt:Tabellen): Antriebsart! | H65: 0 | J65: nur für Plausibilitätscheck
H66: 0
A67: ja | B67: =Validierung!A67 -> Frage 22b | C67: =Validierung!B67 -> Wie hoch war ihr Gesamt-Jahres-Treibstoffbedarf ihres Unternehmensfuhrparks in den letzten drei Jahren? | D67: =Validierung!C67 -> Tabelle ausfüllen (Blatt:Tabellen): Treibstoffbedarf! | H67: 0 | J67: ´- Daten vorhanden: 50% - +25% Im Jahr 3< Jahr1 +10% Wenn die zwei vorherigen Bedingungen erfüllt sind und noch Maßnahmen beschrieben sind (außer Umstellung auf E-Mobilität) '+15% wenn mehr als 50% des Fuhrparks auf E-Mobilität (nicht Hybrid) umgestellt ist
H68: 0
A69: ja | B69: =Validierung!A69 -> Frage 22c | C69: =Validierung!B69 -> Erläutern Sie die Gründe für Änderungen des Treibstoffverbrauchs im angegebenen Zeitraum. (z.B. aktive Maßnahmen zur Reduktion des Energieverbrauchs im Transportbereich wie z.B. Elektrifizierung des Fuhrparks oder geänderte Rahmenbedingungen) | E69: =Validierung!D69 -> 0 | H69: 0
A71: bei Bedarf/Änderung | B71: =Validierung!A71 -> Frage 23 | C71: =Validierung!B71 -> Haben Sie eine aktuell gültige Richtlinie, um den ökologischen Fußabdruck von Geschäftsreisen zu reduzieren? Inhalt einer solchen Richtlinie ist z. B.: Überprüfung der Notwendigkeit von Geschäftsreisen, Bevorzugung von Online-Besprechungen, Bevorzugung von Bahnreisen gegenüber Flugreisen, Nutzung emissionsarmer Verkehrsmittel. Nachweis! | D71: =Validierung!C71 -> 0 | F71: =Validierung!E71 -> Reiserichtlinie | H71: 2 | J71: 50% wenn Richtlinie vorhanden, volle Punkte wenn auch Monitoring
A72: 0 | B72: =Validierung!A72 -> Frage 23a | C72: =Validierung!B72 -> Monitoren Sie Ihre Geschäftsreisen nach ökologischen Gesichtspunkten? (zurückgelegte Strecke, Verkehrsmittel...) Nachweis! | D72: =Validierung!C72 -> 0 | H72: 0
A74: bei Bedarf/Änderung | B74: =Validierung!A74 -> Frage 24 | C74: =Validierung!B74 -> Unterstützen Sie ihre Mitarbeiter dabei ,dass sie umweltfreundlich zu Ihrem Standort / Standorten anreisen oder die Anzahl der Anreisen gänzlich vermeiden oder reduzieren können? Falls ja, wie z.B. Jobticket, Homeoffice Regelungen, Bike-leasing,… | D74: =Validierung!C74 -> 0 | E74: =Validierung!D74 -> 0 | H74: 2 | J74: volle Punkte wenn mehrere Maßnahmen, 25% wenn eine Maßnahme, sonst 0
A75: Wasserverbrauch | G75: 5
A76: bei Bedarf/Änderung | B76: =Validierung!A76 -> Frage 25 | C76: =Validierung!B76 -> In welchen Bereichen ihres Unternehmens ist Wasserverbrauch von Relevanz? Nachweis! | D76: =Validierung!C76 -> falls zutreffend, bitte „☐“ durch „X“ ersetzen. Mehrfachauswahl möglich. ☐ Wasserverbrauch zur Erbringung der angebotenen Dienstleistung ☐ Bewässerung von Grünflächen ☐ Sanitäranlagen ☐ Küche ☐ sonstige: ______ | E76: =Validierung!D76 -> falls Wasserverbrauch für die Erbringung der Dienstleistung relevant ist: Erklärung | F76: =Validierung!E76 -> Standortübersicht, Prozessbeschreibung, Umweltmanagement-Dokumentation | H76: 3
A77: bei Bedarf/Änderung | B77: =Validierung!A77 -> Frage 25a | C77: =Validierung!B77 -> Welche Maßnahmen zur Reduktion des Wasserverbrauchs werden gesetzt? | D77: =Validierung!C77 -> falls zutreffend, bitte „☐“ durch „X“ ersetzen. Mehrfachauswahl möglich. ☐ Reduktion Wasserverbrauch bei der erbrachten Dienstleistung ☐ Reduktion Wasserverbrauch Office ☐ Monitoring Wasserverbrauch ☐ Bewusstseinsbildung ☐ Änderungen an technischen oder betrieblichen Prozessen ☐ Sonstige ☐ keine | E77: =Validierung!D77 -> 0 | H77: 0 | J77: _volle Punkte wenn Wasser relevant für DL und Maßnahmen zur Reduktion Wasserverbrauch bei DL beschrieben werden _75% wenn kein Wasser für DL relevant und sonstige Maßnahmen ausgewählt wurden '-50% wenn Wasser bei DL und sonstige Maßnahmen ' keine: nichts
A79: ja | B79: =Validierung!A79 -> Frage 26 | C79: =Validierung!B79 -> Kennen Sie den Wasserverbrauch bezogen auf Ihre Dienstleistung? Falls ja, nennen Sie die relevanten KPIs und deren Entwicklung in den letzten 3 Jahren Erläutern Sie die Gründe für Änderungen des Wasserverbrauchs im angegebenen Zeitraum. (z.B getätigte Wassersparmaßnahmen, geänderte Büroauslastung, veränderte Mitarbeiterzahl, usw ). Nachweis! | D79: =Validierung!C79 -> 0 | E79: =Validierung!D79 -> falls relevant : Erklärung, z.B. Wasserverbrauch pro Kunde, pro Gast, pro € Umsatz | F79: =Validierung!E79 -> Wasserabrechnungen der Versorger, Zählerstände, Nachhaltigkeitsbericht, internes Monitoring | H79: 1 | J79: ´- Daten vorhanden: 50% - +25% Im Jahr 3< Jahr1 +25% Wenn die zwei vorherigen Bedingungen erfüllt sind und noch Maßnahmen beschrieben
A81: bei Bedarf/Änderung | B81: =Validierung!A81 -> Frage 27 | C81: =Validierung!B81 -> Entsteht bei ihre Unternehmenstätigkeit Abwasser, das über Haushaltmengen hinausgeht? Nachweis! | D81: =Validierung!C81 -> 0 | F81: =Validierung!E81 -> Abwasserabrechnung/Auszug | H81: 1 | J81: 27a. falls Maßnahmen beschrieben aber 27 Abwasser nicht über Haushaltsmengen: 50%, wenn Abwasser 27a nein und keine Maßnahmen: 25% („nicht relevant“)
H82: 0
A83: bei Bedarf/Änderung | B83: =Validierung!A83 -> Frage 27a | C83: =Validierung!B83 -> Welche Maßnahmen, die über die gesetzlichen Vorschriften hinausgehen, werden zur Abwasserbehandlung und -vermeidung vorgenommen? Nachweis! | E83: =Validierung!D83 -> 0 | F83: =Validierung!E83 -> Maßnahmenbericht/link | H83: 0
A84: Abfallstrategie | G84: 10
A85: bei Bedarf/Änderung | B85: =Validierung!A85 -> Frage 28 | C85: =Validierung!B85 -> Wird ihr Abfallaufkommen getrennt nach Abfallarten erfasst? Nachweis! | D85: =Validierung!C85 -> Tabelle ausfüllen (Blatt:Tabellen): Abfallart! | F85: =Validierung!E85 -> Abfallbilanzen, Entsorgungsnachweise, interne Abfallstatistik, Nachhaltigkeitsbericht | H85: 2
A87: ja | B87: =Validierung!A87 -> Frage 29 | C87: =Validierung!B87 -> Welche Maßnahmen zur Abfallvermeidung oder Wiederverwendung werden umgesetzt? Beschreiben Sie die Maßnahmen und erzielten Verbesserungen (erzielte Verbesserungen können z.B. sein: Verbesserung der getrennten Abfallsammlung,Verringerung der Abfallmenge, die Zunahme der Wiederverwendung, Reduzierung des Materialverbrauchs, erzielte Kosteneinsparungen.) | D87: =Validierung!C87 -> falls zutreffend, bitte „☐“ durch „X“ ersetzen. Mehrfachauswahl möglich. ☐ Vermeidung von Einwegprodukten ☐ Nutzung von Mehrwegsystemen ☐ Reparatur und längere Nutzung von Geräten ☐ Wiederverwendung oder Weitergabe von Geräten und Materialien ☐ Rückgabe oder Wiederverwendung von Verpackungen ☐ Papierarmes Arbeiten ☐ Sonstige Maßnahme: __________________ ☐ Keine Maßnahmen umgesetzt | E87: =Validierung!D87 -> 0 | H87: 4 | J87: wenn mind. 2 Maßnahmen gesetzt 50%, wenn auch quantifizierte Einsparung volle Punkte; bei nur einer Maßnahme 25%, bei quantif. Einsparung 50%
A89: bei Bedarf/Änderung | B89: =Validierung!A89 -> Frage 30 | C89: =Validierung!B89 -> Werden die Mitarbeiter über richtige Abfallentsorgung informiert (z.B. interne Informationsmaterialien, Kennzeichnungen und Piktogramme, interne Kommunikation, Schulungen oder Weiterbildungen,...)? Wenn ja, wie? Nachweis! | D89: =Validierung!C89 -> 0 | E89: =Validierung!D89 -> 0 | F89: =Validierung!E89 -> Fotos, links | H89: 2 | J89: volle Punkte wenn ja mind. 2 Maßnahmen und Beschreibung (Info und Beschilderung), 50% wenn ja und Einzelmaßnahme
A91: bei Bedarf/Änderung | B91: =Validierung!A91 -> Frage 31 | C91: =Validierung!B91 -> Fallen in im Rahmen ihrer Unternehmenstätigkeit gefährliche Abfälle an? Falls ja, welche? | D91: =Validierung!C91 -> 0 | E91: =Validierung!D91 -> 0 | H91: 2 | J91: volle Punkte: keine gefährlichen Abfälle; 25% bei Reduktion
H92: 0
A93: bei Bedarf/Änderung | B93: =Validierung!A93 -> Frage 31a | C93: =Validierung!B93 -> Werden Maßnahmen zur Reduktion gefährlicher Abfälle gesetzt? Falls ja, welche? (z.B. Ersatz gefährlicher Stoffe durch weniger gefährliche Alternativen, Reduzierung gefährlicher Abfälle durch technologische Verbesserungen, Optimierung des Einsatzes gefährlicher Stoffe, …) | D93: =Validierung!C93 -> 0 | E93: =Validierung!D93 -> 0 | H93: 0
A94: Bewusstseinsbildung | G94: 10
A95: bei Bedarf/Änderung | B95: =Validierung!A95 -> Frage 32 | C95: =Validierung!B95 -> Gibt es regelmäßige Mitarbeiterschulungen/Infoveranstaltungen/ Diskussionsgruppen zum Thema Umweltschutz? Nachweis! | D95: =Validierung!C95 -> 0 | E95: =Validierung!D95 -> 0 | F95: =Validierung!E95 -> Nachweis z.B. Schulungsplan, Trainingsunterlagen, interne Kommunikationspläne, Schulungskalender | H95: 3 | J95: volle Punkte 100% wenn monatlich oder häufiger, 50% wenn quartalsweise, sonst 25% bei "ja") multipliziert mit dem Anteil der Mitarbeiter erreicht
H96: 0
A97: bei Bedarf/Änderung | B97: =Validierung!A97 -> Frage 32a | C97: =Validierung!B97 -> Wie häufig finden diese statt? | D97: =Validierung!C97 -> 0 | H97: 0
H98: 0
A99: bei Bedarf/Änderung | B99: =Validierung!A99 -> Frage 32b | C99: =Validierung!B99 -> Welche Instrumente/Kanäle/Plattformen werden dazu verwendet? | E99: =Validierung!D99 -> 0 | H99: 0
H100: 0
A101: bei Bedarf/Änderung | B101: =Validierung!A101 -> Frage 32c | C101: =Validierung!B101 -> Wie hoch ist der Anteil der Mitarbeiter, die über diese Kommunikations-Instrumente involviert werden? [x%] | E101: =Validierung!D101 -> 0 | H101: 0
A103: bei Bedarf/Änderung | B103: =Validierung!A103 -> Frage 33 | C103: =Validierung!B103 -> Werden die Mitarbeiter involviert, um Ideen / Ansätze für Nachhaltigkeits-Maßnahmen einzubringen / umzusetzen? Wenn ja, wie und ist dies im Rahmen der Arbeitszeit möglich? (z.B. Ideenboxen, Innovationswerkstätten, …) Nachweis! | D103: =Validierung!C103 -> 0 | E103: =Validierung!D103 -> 0 | F103: =Validierung!E103 -> Nachweise: z.B. interne Rundschreiben, links o.ä. | H103: 1 | J103: ja & Beschreibung: volle Punkte, sonst 0
H104: 0
A105: bei Bedarf/Änderung | B105: =Validierung!A105 -> Frage 33a | C105: =Validierung!B105 -> Welche Themenbereiche werden/wurden dabei fokussiert? (z.B. Energieeffizienz, Klimaschutz und Reduzierung der Treibhausgasemissionen, Wassermanagement, Nachhaltige Mobilität, Biodiversität und Grünflächen,…) | E105: =Validierung!D105 -> 0 | H105: 0
A107: ja | B107: =Validierung!A107 -> Frage 34 | C107: =Validierung!B107 -> Wenn Sie in den letzten zwei Jahren ein Projekt zum Thema "Bewusstseinsbildung INTERN" (in Hinblick auf Nachhaltigkeitsthemen) durchgeführt haben, haben Sie hier die Gelegenheit dieses kurz vorzustellen. (z.B.: Interne Wettbewerbe und Challenges) Nachweis! | D107: =Validierung!C107 -> 0 | E107: =Validierung!D107 -> 0 | F107: =Validierung!E107 -> z.B. Fotos, links | H107: 1 | J107: volle Punkte wenn inhaltlich neues Projekt & bisher nicht genannt im FB, sonst 0
A109: ja | B109: =Validierung!A109 -> Frage 35 | C109: =Validierung!B109 -> Haben Sie in den letzten zwei Jahren besondere umwelt- bzw. nachhaltigkeitsrelevante Auszeichnungen, mit Ausnahme von Green Brands erhalten oder waren Sie nominiert? Wenn ja, welche? (z.B. Klimaschutzpreis, Nachhaltigkeitspreis, Umweltpreis, Energy Globe etc.) Nachweis! | D109: =Validierung!C109 -> 0 | E109: =Validierung!D109 -> 0 | H109: 3 | J109: volle Punkte bei Auszeichnung (GB gilt nicht), 50% bei Nominierung
A111: ja | B111: =Validierung!A111 -> Frage 36 | C111: =Validierung!B111 -> Gab es in den letzten zwei Jahren gezielte Kooperationen mit NGOs, wissenschaftlichen Einrichtungen, Verbänden, Gemeinden etc. zum Thema Klimaschutz? Wenn ja, welche? | D111: =Validierung!C111 -> 0 | E111: =Validierung!D111 -> 0 | H111: 1 | J111: ja & Beschreibung: volle Punkte, sonst 0
A113: ja | B113: =Validierung!A113 -> Frage 37 | C113: =Validierung!B113 -> Hat Ihr Unternehmen in den letzten zwei Jahren externe Informations- oder Bildungsaktivitäten zu Umwelt- und Nachhaltigkeitsthemen durchgeführt? (z.B. Programme für Kunden, Tage der offenen Tür, Kampagnen zur gesellschaftlichen Bewusstseinsbildung, ...) | D113: =Validierung!C113 -> 0 | E113: =Validierung!D113 -> 0 | H113: 1 | J113: ja & Beschreibung: volle Punkte, sonst 0
G115: Summe: | H115: =SUM(H3:H113) -> 100 | I115: =SUM(I2:I113) -> 0

Sheet Tabellen
A1: Fragen betreffen alle Standorte des Unternehmens:
A2: Hinweis: Bei Gesamtverbräuchen sind alle relevanten Standorte des validierten Unternehmens im betreffenden Land zu berücksichtigen. Gleichartige Standorte können zusammengefasst werden. Netzbezug und PV sind getrennt auszuweisen.
A4: Frage 7: | B4: Jahresstromverbrauch/
B5: Jahr | C5: Standort 1:…........[MWh] | D5: Standort 2:…........[MWh] | E5: Standort 3:…........[MWh] | F5: Standort n:…........[MWh]
B6: 2023
B7: 2024
B8: 2025
A11: Frage 8: | B11: Wärmeverbrauch | C11: Standort 1:…........ | E11: Standort 2:…........ | G11: Standort 3:…........
B12: Jahr | C12: [MWh] | D12: davon Anteil Prozesswärme (%) | E12: [MWh] | F12: davon Anteil Prozesswärme (%) | G12: [MWh] | H12: davon Anteil Prozesswärme (%)
B13: 2023
B14: 2024
B15: 2025
A18: Frage 11: | B18: Energieträger & kWh: | C18: Bezugsjahr:
B19: Energieträger / Wärmequelle | C19: Verbrauch in MWh/Jahr | D19: Anteil am Gesamtwärmeverbrauch in % | E19: Bemerkung
B20: Erdgas
B21: Heizöl
B22: Fernwärme | E22: Bitte eingesetzte Energieträger anführen, z.B. Hackschnitzel, Abfall, Erdgas, Abwärme
B23: Biomasse
B24: Wärmepumpe | E24: Bitte eingesetzte Stromquelle anführen: z.B. Netzbezug oder PV Strom
B25: Solarthermie
B26: Geothermie
B27: Sonstige | E27: Bitte erläutern
B28: Summe | C28: =SUM(C20:C27) -> 0 | D28: =SUM(D20:D27) -> 0
A31: Frage 13: | B31: Energieeffizienzklasse
B32: Standort | C32: HWB kWh/m² BGF-Ref | D32: BGF (m²)
B33: Standort 1
B34: Standort 2
B35: Standort 3
B36: Standort 4
B37: ggf. weitere Zeilen einfügen
A40: Frage 15a: | B40: Materialverbrauch | C40: Bezugsjahr:
B41: Material/Ressource | C41: Jahresverbrauch | D41: Einheit [z.B. kg, Stück, Liter...] | E41: Nachhaltiger/recycelter Anteil [%]
A53: Frage 20: | B53: Emissionen
B54: Jahr | C54: Emissionen [ t CO2eq]
B55: 2023
B56: 2024
B57: 2025
A60: Frage 22a: | B60: Antriebsart | C60: Bezugsjahr:
B61: Antriebsart | C61: Anzahl Fahrzeuge
B62: Diesel
B63: Benzin
B64: Hybrid
B65: BEV / Elektro
B66: Sonstige
B67: Gesamt
A70: Frage 22b: | B70: Treibstoffbedarf
B71: Jahr | C71: Diesel [Liter/Jahr] | D71: Benzin [Liter/Jahr] | E71: Strom [kWh/Jahr] | F71: Sonstiges [Einheit]
B72: 2023
B73: 2024
B74: 2025
A77: Frage 28: | B77: Abfallart | C77: Bezugsjahr:
B78: Abfallart | C78: Wird getrennt erfasst? Ja/Nein | D78: Menge pro Jahr | E78: Einheit [kg oder t] (bitte eintragen) | F78: Verwertung / Entsorgung Bitte erläutern
B79: Papier / Karton
B80: Kunststoff
B81: Metall
B82: Glas
B83: Holz
B84: Bioabfall
B85: Restmüll
B86: Gefährliche Abfälle
B87: Sonstige Abfälle
B88: Gesamt | D88: =SUM(D79:D87) -> 0

Sheet Auswahlmöglichkeiten
B1: ja
B2: nein
B3: teilweise
B6: Energieverbrauch
B7: Treibhausgasemissionen
B8: Ressourcenverbrauch
B9: Abfall
B10: Wasserverbrauch
B11: Mobilität und Transport
B12: Sonstige
B15: Zertifizierung
B16: Gütesiegel
... B62: Sonstige Energieprojekte

Sheet Ergebnisübersicht

Sheet Rückfragen
